 Dungeon Crawl Stone Soup version 0.26-a0-1139-g7d2dc893a1 (webtiles) character file.

Game seed: 13687830577605940531

11172 night the Frost Mage (level 11, -7/88 (89) HPs)
             Began as a Demonspawn Ice Elementalist on Dec 20, 2020.
             Was an Initiate of Gozag.
             Mangled by a death scarab (27 damage)
             ... in a Gauntlet on Dec 21, 2020.
             The game lasted 00:51:35 (13347 turns).

night the Frost Mage (Demonspawn Ice Elementalist) Turns: 13347, Time: 00:51:36

HP:   -7/88 (89)    AC: 11    Str: 12    XL:     11   Next: 45%
MP:   23/23         EV: 12    Int: 20    God:    Gozag
Gold: 734           SH:  0    Dex: 20    Spells: 16/27 levels left

rFire    + . .     SeeInvis +   a - +9 whip of Stickiness {pain, Str+4 Dex+6 Stlth+}
rCold    + . .     Faith    .   (no shield)
rNeg     . . .     Spirit   .   t - +1 leather armour {rC+}
rPois    +         Reflect  .   (helmet unavailable)
rElec    .         Harm     .   (no cloak)
rCorr    .         Rampage  .   (no gloves)
Will     .....     NoTele   +   (no boots)
Stlth    +++.......             s - amulet of regeneration
HPRegen  0.64/turn              v - ring of poison resistance
MPRegen  0.18/turn              z - ring of protection from fire

@: icy armour, gold aura, frozen ramparts, slowed, lightly drained, very slow
A: antennae 3, rugged brown scales 1, powered by pain 1, spiny 1
a: Renounce Religion, Potion Petition, Call Merchant, Bribe Branch


You were in a Gauntlet.
You worshipped Gozag.
Gozag was pleased with you.
You visited 3 branches of the dungeon, and saw 12 of its levels.
You also visited: Gauntlet.

You collected 1841 gold pieces.
You spent 264 gold pieces at shops.
You paid 843 gold pieces to Gozag.

Inventory:

Hand Weapons
 a - the +9 whip of Stickiness (weapon) {pain, Str+4 Dex+6 Stlth+}
   (You found it on level 4 of the Dungeon)

   In the hands of one skilled in necromantic magic, it inflicts extra damage on
   living creatures.
   It affects your strength (+4).
   It affects your dexterity (+6).
   It makes you more stealthy.
 b - a +0 hunting sling
 L - a +2 shortbow of freezing
 P - a +2 short sword of electrocution
 X - a +0 broad axe of flaming
Missiles
 c - 534 stones
 e - 183 sling bullets
 f - 19 poisoned darts (quivered)
 k - 264 arrows
 A - 2 throwing nets
 B - 38 bolts
 M - 4 silver boomerangs
 O - 10 boomerangs
 U - 11 boomerangs of dispersal
 Y - 2 javelins
Armour
 t - a +1 leather armour of cold resistance (worn)
 S - the +0 robe of the Hurricane {*Drain *Slow rElec Will++ Slay+2}
   (You found it on level 7 of the Dungeon)

   It affects your accuracy and damage with ranged weapons and melee attacks
   (+2).
   It insulates you from electricity.
   It affects your willpower, your defense against some magical effects.
   It causes draining when unequipped.
   It may slow you when you take damage.
Magical Staves
 d - an uncursed staff of air {unknown}
Jewellery
 s - an amulet of regeneration (around neck)
 v - a ring of poison resistance (left hand)
 z - a ring of protection from fire (right hand)
Wands
 y - a wand of iceblast (10)
 D - a wand of polymorph (14)
 H - a wand of random effects (36)
Scrolls
 g - 6 scrolls of teleportation
 h - 2 scrolls of blinking {unknown}
 m - 7 scrolls of remove curse
 q - 2 scrolls of fog
 r - 5 scrolls of fear
 u - a scroll of magic mapping
 w - 3 scrolls of immolation {unknown}
 C - 3 scrolls of amnesia
 I - a scroll of enchant armour {unknown}
 Q - a scroll of noise {unknown}
 R - a scroll of summoning
 T - a scroll of brand weapon {unknown}
 W - a scroll of torment {unknown}
 Z - a scroll of enchant weapon {unknown}
Potions
 i - 2 potions of heal wounds
 j - 7 potions of curing
 l - 5 potions of attraction
 o - a potion of berserk rage
 p - 5 potions of flight
 x - 2 potions of ambrosia
 E - 3 potions of lignification
 F - a potion of mutation
 G - a potion of invisibility
 J - a potion of might
 K - 2 potions of brilliance
 N - a potion of resistance
 V - a potion of cancellation
Miscellaneous
 n - a phial of floods


   Skills:
 + Level 8.5 Fighting
 + Level 8.0 Maces & Flails
 - Level 1.7 Dodging
 - Level 1.7 Stealth
 + Level 8.7 Spellcasting
 - Level 3.8 Summonings
 + Level 9.3 Ice Magic


You had 16 spell levels left.
You knew the following spells:

 Your Spells              Type           Power        Failure   Level
a - Freeze                Ice            100%         1%          1
b - Frozen Ramparts       Ice            92%          1%          3
c - Ozocubu's Armour      Ice            46%          1%          3
d - Summon Ice Beast      Ice/Summ       35%          7%          4

Your spell library contained the following spells:

 Spells                   Type           Power        Failure   Level
 Hailstorm                Conj/Ice       27%          14%         4


Dungeon Overview and Level Annotations

Branches:
Dungeon (10/15)            Temple (1/1) D:5            Lair (1/6) D:10
Gauntlet (1/1)
    Orc: D:9-12

Altars:
Ashenzari
Cheibriados
Dithmenos
Elyvilon
Fedhas
Gozag
Hepliaklqana
Kikubaaqudgha
Makhleb
Nemelex Xobeh
Okawaru
Qazlal
Ru
Sif Muna
Trog
Uskayaw
Vehumet
Wu Jian
Xom
Yredelemnul
Zin
The Shining One

Shops:
D:6 *   D:9 =   D:10 (

Annotations:
D:3 1 runed translucent door, Dracia's ghost, amateur TrMo
D:4 2 transporters, MoonlitKnight's ghost, amateur DEIE
D:8 Erica Gauntlet 13 transporters, 15 runed translucent doors, exclusion: 5 lightning spires


Innate Abilities, Weirdness & Mutations

You have a pair of large antennae on your head. (SInv)
You are partially covered in rugged brown scales. (AC +1, +3% HP)
You sometimes gain a little power by taking damage.
You are partially covered in sharp spines.


Message History

You feel as though you will be slow longer.
The death scarab draws strength from your injuries! [a] - 364 gold - heal wounds and magic [b] - 750 gold - haste, brilliance, curing and magic [c] - 468 gold - might, brilliance, heal wounds and berserk rage Purchase which effect?
You no longer have enough gold to fund merchants seeking to open stores in the dungeon.
You feel much better. Magic courses through your body.
The wall freezes the death scarab.
The death scarab is struck by your spines.
The death scarab bites you!
* * * LOW HITPOINT WARNING * * *
The death scarab drains your vigour!
You feel as though you will be slow longer.
The death scarab draws strength from your injuries!
The wall freezes the death scarab.
The death scarab is struck by your spines.
The death scarab bites you!!
You die...
Your body crumbles into a pile of gold.

############.#..............#8#
....©#§§8≈≈#.#..............####
############.#############....≈##
©...........©...........©#.....#8
##############################.##
.≈≈..#.#..+.©.'..#.##.......##.#
≈..≈.#.#..+...5.x#.#.#.....#.#.##
≈≈.≈.#.#++#+#+#*'#.#..#...#..#.#8
..≈.≈#.#..+...+Y@#.#h..#©#...#.##
.≈..≈#.#..+...+BY#.#h...#....#.#
≈≈.≈.#.#++#...#QZ#.#...#.#...#.##
..≈≈.#.#..#+++#Q.#.#..#...#..#.#8
...≈.#.#.........#.#.#..8..#.#.##
©"≈.?#.#..[?©.:..#.##.[!©.?.##.#
######.###########.###########.##
...............................#8
..............................≈##


You could see a spectral death yak, 2 raiju, a death scarab, a friendly tengu
warrior (summoned), a friendly worldbinder (summoned), a friendly tengu conjurer
(summoned), 2 friendly ice beasts, a friendly battlesphere and a friendly white
imp (summoned).

Vanquished Creatures
  Harold (D:7)
  2 two-headed ogres
  A death scarab (Gauntlet)
  Pikel (D:6)
  A black mamba (Lair:1)
  Joseph (D:7)
  An ice statue (Gauntlet)
  A kobold demonologist (D:3)
  2 komodo dragons (Lair:1)
  2 trolls
  A wolf spider simulacrum (Gauntlet)
  Sigmund (D:6)
  A centaur simulacrum (Gauntlet)
  A yak (Lair:1)
  A spectral cane toad (Gauntlet)
  An orc warrior (D:7)
  4 sky beasts
  2 ice beasts
  3 ogres
  3 wolves (D:10)
  5 centaurs
  4 lemures (D:6)
  3 nameless horrors
  3 big kobolds
  A bullfrog (Lair:1)
  2 scorpions (D:7)
  5 killer bees
  9 wights
  A howler monkey (D:8)
  An electric eel (D:10)
  A quasit (D:10)
  5 hounds
  A wyvern simulacrum (Gauntlet)
  5 orc priests
  A bullfrog zombie (D:7)
  4 jellies
  A bullfrog skeleton (D:7)
  A centaur skeleton (D:8)
  An iguana (D:8)
  5 orc wizards
  3 worker ants (D:8)
  2 killer bee zombies
  A bullfrog simulacrum (Gauntlet)
  2 hound skeletons (D:6)
  A worker ant zombie (D:5)
  3 gnolls (D:4)
  7 adders
  3 shadow imps
  2 white imps (D:8)
  An ufetubus (D:6)
  2 oozes (D:1)
  2 adder skeletons (D:4)
  3 worms
  2 dart slugs
  4 leopard geckos
  22 orcs
  11 bats
  3 giant cockroaches (D:3)
  2 goblins
  8 hobgoblins
  4 jackals
  2 quokkas
  3 frilled lizards
  A jackal skeleton (D:8)
  18 kobolds
  2 leopard gecko skeletons
  6 rats
210 creatures vanquished.

Vanquished Creatures (collateral kills)
  A two-headed ogre (D:9)
  2 rime drakes (Gauntlet)
  A troll (D:10)
  A spectral black mamba (Gauntlet)
  A wyvern (Lair:1)
  A yak (Lair:1)
  A spectral fire crab (Gauntlet)
  A water moccasin (D:9)
  A wolf (D:10)
  A centaur (D:9)
  A big kobold (D:8)
  4 killer bees (D:8)
  7 wights
  3 electric eels (D:10)
  3 hounds
  A jelly (D:10)
  3 orc priests
  2 iguanas (D:9)
  A worker ant (D:10)
  A shadow imp (D:3)
  4 orcs
  A kobold (D:8)
42 creatures vanquished.

Vanquished Creatures (others)
  8 fungi
  13 plants
  4 toadstools (D:1)
25 creatures vanquished.

Grand Total: 277 creatures vanquished

Notes
Turn   | Place    | Note
-------+----------+-------------------------------------------
     0 | D:1      | night the Demonspawn Ice Elementalist began the quest for
                  | the Orb.
     0 | D:1      | Reached XP level 1. HP: 13/13 MP: 3/3
   238 | D:1      | Gained mutation: You have a pair of small antennae on your
                  | head. [demonic ancestry]
   238 | D:1      | Reached XP level 2. HP: 13/19 MP: 3/5
   697 | D:1      | Reached skill level 4 in Ice Magic
   923 | D:1      | Reached XP level 3. HP: 17/24 MP: 2/7
   927 | D:1      | Learned a level 3 spell: Frozen Ramparts
  1184 | D:2      | Found a faded altar of an unknown god.
  2290 | D:3      | Learned a level 3 spell: Ozocubu's Armour
  2398 | D:3      | Gained mutation: You are partially covered in rugged brown
                  | scales. (AC +1, +3% HP) [demonic ancestry]
  2398 | D:3      | Reached XP level 4. HP: 22/30 MP: 2/8
  2675 | D:3      | Noticed an ice beast
  2775 | D:3      | Found a hazy altar of Hepliaklqana.
  2856 | D:3      | Found a transporter.
  2863 | D:3      | Noticed a kobold demonologist
  2871 | D:3      | Killed a kobold demonologist
  2872 | D:3      | Reached skill level 5 in Ice Magic
  2872 | D:3      | Gained mutation: You have a pair of antennae on your head.
                  | [demonic ancestry]
  2872 | D:3      | Reached XP level 5. HP: 36/36 MP: 9/11
  2872 | D:3      | Reached XP level 6. HP: 42/42 MP: 9/12
  2910 | D:3      | Learned a level 4 spell: Summon Ice Beast
  3011 | D:3      | Found a transporter.
  3202 | D:3      | Noticed Sigmund
  3316 | D:3      | Found a runed translucent door.
  3316 | D:3      | Noticed Dracia's ghost (amateur TrMo)
  3365 | D:4      | Found a transporter.
  3368 | D:4      | Noticed MoonlitKnight's ghost (amateur DEIE)
  3408 | D:4      | Found a white marble altar of Elyvilon.
  3458 | D:4      | Got a jewelled whip
  3458 | D:4      | Identified the +9 whip of Stickiness {pain, Str+4 Dex+6
                  | Stlth+} (You found it on level 4 of the Dungeon)
  3771 | D:4      | Found a transporter.
  3837 | D:4      | Reached skill level 1 in Maces & Flails
  3837 | D:4      | Reached skill level 5 in Spellcasting
  3837 | D:4      | Gained mutation: You have a pair of large antennae on your
                  | head. (SInv) [demonic ancestry]
  3837 | D:4      | Reached XP level 7. HP: 35/47 MP: 2/14
  3951 | D:3      | Reached skill level 6 in Ice Magic
  4049 | D:3      | Upgraded the game from 0.26-a0-1132-ge9770dfcb6 to
                  | 0.26-a0-1139-g7d2dc893a1
  4697 | D:5      | Entered Level 5 of the Dungeon
  5017 | D:5      | Found a broken altar of Ashenzari.
  5139 | D:5      | Found a staircase to the Ecumenical Temple.
  5147 | D:5      | Found an ornate altar of the Wu Jian Council.
  5168 | Temple   | Entered the Ecumenical Temple
  5311 | D:5      | Reached skill level 1 in Fighting
  5311 | D:5      | Reached skill level 1 in Summonings
  5589 | D:6      | Reached skill level 2 in Maces & Flails
  5683 | D:6      | Found a blossoming altar of Fedhas.
  5752 | D:6      | Found a stormy altar of Qazlal.
  5777 | D:6      | Noticed Pikel
  5790 | D:6      | Noticed a nameless horror
  5803 | D:6      | Killed a nameless horror
  5805 | D:6      | Killed Sigmund
  5806 | D:6      | Reached skill level 2 in Fighting
  5806 | D:6      | Reached skill level 2 in Summonings
  5950 | D:6      | Killed Pikel
  5951 | D:6      | Reached XP level 8. HP: 57/61 MP: 9/15
  6035 | D:6      | Found a hide-covered altar of Uskayaw.
  6073 | D:6      | Found a shadowy altar of Dithmenos.
  6073 | D:6      | Found a radiant altar of Vehumet.
  6074 | D:6      | Found an opulent altar of Gozag.
  6084 | D:6      | Became a worshipper of Gozag Ym Sagoz the Greedy
  6105 | D:6      | Noticed an angel
  6107 | D:6      | Found a glowing silver altar of Zin.
  6108 | D:6      | Found Simogem's Hallowed Reliquary.
  6113 | D:6      | Bought a potion of curing for 39 gold pieces
  6113 | D:6      | Bought 4 silver boomerangs for 78 gold pieces
  6802 | D:7      | Noticed Harold
  6813 | D:7      | HP: 6/62 [Harold/+2 vorpal trident (16)]
  6819 | D:7      | Killed Harold
  6820 | D:7      | Reached skill level 5 in Fighting
  6820 | D:7      | Reached skill level 5 in Maces & Flails
  6820 | D:7      | Reached skill level 7 in Ice Magic
  6820 | D:7      | Gained mutation: You sometimes gain a little power by
                  | taking damage. [demonic ancestry]
  6820 | D:7      | Reached XP level 9. HP: 30/70 MP: 5/18
  7118 | D:7      | Got a distressingly furry robe
  7128 | D:7      | Identified the cursed +0 robe of the Hurricane {*Drain
                  | *Slow rElec Will++ Slay+2} (You found it on level 7 of the
                  | Dungeon)
  7195 | D:7      | Found a sparkling altar of Nemelex Xobeh.
  7255 | D:7      | Found a shimmering altar of Xom.
  7302 | D:7      | Noticed Joseph
  7317 | D:7      | Killed Joseph
  7752 | D:8      | Noticed Erica
  7752 | D:8      | Noticed a troll
  8116 | D:8      | Reached XP level 10. HP: 78/78 MP: 16/20
  8702 | D:8      | Found a hide-covered altar of Uskayaw.
  9160 | D:9      | Noticed a two-headed ogre
  9173 | D:9      | Killed a two-headed ogre
  9174 | D:9      | Reached skill level 8 in Ice Magic
  9312 | D:9      | Noticed a cyclops
  9590 | D:9      | Found a broken altar of Ashenzari.
  9634 | D:9      | Found Gyhuhulie's Jewellery Shop.
  9718 | D:9      | Found a stormy altar of Qazlal.
  9763 | D:9      | Noticed a two-headed ogre
  9771 | D:9      | Killed a two-headed ogre
  9895 | D:9      | Found a glowing golden altar of the Shining One.
  9898 | D:9      | Noticed an angel
  9912 | D:9      | Found a basalt altar of Yredelemnul.
  9950 | D:10     | Entered Level 10 of the Dungeon
 10366 | D:10     | Found a staircase to the Lair.
 10835 | D:10     | Noticed a two-headed ogre
 10843 | D:10     | Killed a two-headed ogre
 10844 | D:10     | Gained mutation: You are partially covered in sharp spines.
                  | [demonic ancestry]
 10844 | D:10     | Reached XP level 11. HP: 53/88 MP: 11/23
 11437 | D:10     | Found Opusuur's Hydra Hut.
 11440 | D:10     | Noticed a four-headed hydra
 11445 | D:10     | Bought a +0 broad axe of flaming for 147 gold pieces
 12253 | Lair:1   | Entered Level 1 of the Lair of Beasts
 12339 | Lair:1   | HP: 12/88 [komodo dragon (28)]
 12377 | Lair:1   | Reached skill level 9 in Ice Magic
 12475 | Lair:1   | Found a gate leading to a gauntlet.
 12485 | Gauntlet | Entered a Gauntlet
 12485 | Gauntlet | Found a transporter.
 12499 | Gauntlet | Found a transporter.
 12513 | Gauntlet | Found a transporter.
 12515 | Gauntlet | Found a large runed translucent door.
 12515 | Gauntlet | Found a large runed translucent door.
 12516 | Gauntlet | Found a large runed translucent door.
 12516 | Gauntlet | Found a large runed translucent door.
 12517 | Gauntlet | Found a large runed translucent door.
 12517 | Gauntlet | Found a large runed translucent door.
 12517 | Gauntlet | Found a runed translucent door.
 12517 | Gauntlet | Found a runed translucent door.
 12517 | Gauntlet | Found a large runed translucent door.
 12518 | Gauntlet | Found a transporter.
 12533 | Gauntlet | Found a transporter.
 12548 | Gauntlet | Found a large runed translucent door.
 12549 | Gauntlet | Found a large runed translucent door.
 12550 | Gauntlet | Found a large runed translucent door.
 12550 | Gauntlet | Found a large runed translucent door.
 12550 | Gauntlet | Noticed a death scarab
 12551 | Gauntlet | Found a runed translucent gate.
 12552 | Gauntlet | Found a transporter.
 12552 | Gauntlet | Found a runed translucent gate.
 12553 | Gauntlet | Found a runed translucent gate.
 12554 | Gauntlet | Found a large runed translucent door.
 12554 | Gauntlet | Found a large runed translucent door.
 12554 | Gauntlet | Noticed a death scarab
 12555 | Gauntlet | Found a large runed translucent door.
 12556 | Gauntlet | Found a large runed translucent door.
 12560 | Gauntlet | Noticed a death scarab
 12560 | Gauntlet | Noticed a death scarab
 12564 | Gauntlet | Found a transporter.
 12576 | Gauntlet | Found a transporter.
 12582 | Gauntlet | Found a transporter.
 12582 | Gauntlet | Found a transporter.
 12600 | Gauntlet | Found a transporter.
 12609 | Gauntlet | Found a transporter.
 12615 | Gauntlet | Found a transporter.
 12615 | Gauntlet | Found a transporter.
 12626 | Gauntlet | Noticed a large abomination
 12654 | Gauntlet | Found a transporter.
 12654 | Gauntlet | Noticed a soul eater
 12680 | Gauntlet | Found a transporter.
 12682 | Gauntlet | Found a transporter.
 12714 | Gauntlet | Found a transporter.
 12861 | Gauntlet | Found a large runed translucent door.
 13343 | Gauntlet | Killed a death scarab
 13346 | Gauntlet | HP: 11/87 [death scarab (11)]
 13347 | Gauntlet | Mangled by a death scarab

Illustrated notes

Levels and vault maps discovered:
D:1:      ldierk_walled_garden_2, layout_basic, minmay_pentomino_o2
D:2:      minmay_inner_zag, layout_basic, chequers_ecumenical_altar_simple_redux
D:3:      gammafunk_wand_slinger, layout_basic, general_overflow_altar,
          ebering_ghost_reflecting_pool, uniq_sigmund
D:4:      layout_basic, elyvilon_altar_1, gammafunk_ghost_stat_death,
          serial_rivers, chequers_serial_rivers_micro_d,
          chequers_serial_rivers_micro_e, chequers_serial_rivers_micro_c,
          chequers_serial_rivers_large_b, chequers_serial_rivers_micro_e,
          chequers_serial_rivers_micro_b
D:5:      layout_gridville, kennysheep_mini_moat, minmay_temple_entry_wispy,
          ashenzari_altar_1
D:6:      minmay_chambers_of_threes, layout_rooms,
          grunt_temple_overflow_forces_of_nature,
          eat_drink_and_be_merry_uskayaw, gammafunk_temple_overflow_claw,
          nicolae_good_shop, uniq_pikel
D:7:      layout_loops_ring, nemelex_xobeh_ov_fountains_minmay,
          overflow_temple_1_default, grunt_ministairs_4, uniq_harold,
          uniq_joseph
D:8:      layout_basic, basic_altar, minmay_unpleasant_kobolds, uniq_erica
D:9:      layout_rooms, grunt_temple_overflow_holy_war, serial_shops, shop,
          basic_altar, grunt_qazlal_sundering
D:10:     wander_river, layout_basic, erik_lair_island, doesnt_shop_hydraphobe
Temple:   nicolae_temple_figure_zero
Lair:1:   layout_big_grid, gauntlet_entry_generic, beast_lair_carwin_2
Gauntlet: gammafunk_gauntlet_one_two_three [nicolae_gauntlet_arena_grate_2,
          gammafunk_gauntlet_arena_grid, gammafunk_gauntlet_arena_split_x,
          nicolae_gauntlet_arena_x, minmay_gauntlet_arena_make_your_own_arena,
          nicolae_gauntlet_arena_flowing_pool,
          gammafunk_gauntlet_arena_arrow_garden,
          gammafunk_gauntlet_arena_spirals, gammafunk_gauntlet_arena_open,
          gauntlet_exit_spiral]

Skill      XL: |  1  2  3  4  5  6  7  8  9 10 11 |
---------------+----------------------------------+-----
Ice Magic      | 4 5 6 7 8 9 |  9.3
Spellcasting   | 3 4 5 6 8 |  8.7
Maces & Flails | 1 3 5 7 8 |  8.0
Fighting       | 3 5 6 7 8 |  8.5
Summonings     | 3 |  3.8
Dodging        | |  1.7
Stealth        | |  1.7

Action                   |  1- 3 |  4- 6 |  7- 9 | 10-12 || total
-------------------------+-------+-------+-------+-------++-------
Melee: Whip              |    34 |    29 |   177 |   262 ||   502
 Fire: Hunting sling     |     6 |       |       |       ||     6
Throw: Dart              |       |     1 |     3 |    10 ||    14
 Cast: Freeze            |    56 |     6 |    12 |     4 ||    78
       Frozen Ramparts   |     8 |     6 |    20 |    18 ||    52
       Ozocubu's Armour  |     1 |     1 |     9 |    12 ||    23
       Summon Ice Beast  |       |     6 |    15 |    67 ||    88
Invok: Potion Petition   |       |       |       |     2 ||     2
Evoke: Wand              |       |     3 |     1 |       ||     4
  Use: Scroll            |       |     5 |     2 |    21 ||    28
       Potion            |       |       |     3 |     1 ||     4
 Stab: Sleeping          |     1 |     1 |     8 |     3 ||    13
       Distracted        |       |       |     1 |     2 ||     3
Armor: Robe              |    11 |     8 |       |       ||    19
       Leather armour    |     5 |     2 |    39 |    44 ||    90
Dodge: Dodged            |    56 |    13 |   125 |   134 ||   328

Table legend: (Time is in decaauts)
 A = Elapsed time spent in this place.
 B = Non-inter-level travel time spent in this place.
 C = Inter-level travel time spent in this place.
 D = Time resting spent in this place.
 E = Time spent auto-exploring this place.
 F = Levels seen in this place.
 G = Mean time per level.
                   A        B        C        D        E       F      G
               +--------+--------+--------+--------+--------+-----+--------+
         Total |  13336 |  13041 |    295 |   3033 |   7101 |  13 | 1025.8 |
       Dungeon |  12156 |  11901 |    255 |   2633 |   6816 |  10 | 1215.6 |
        Temple |    131 |    114 |     17 |      0 |    107 |   1 |  131.0 |
          Lair |    200 |    178 |     22 |     74 |      0 |   1 |  200.0 |
      Gauntlet |    847 |    847 |      0 |    326 |    178 |   1 |  847.0 |
               +--------+--------+--------+--------+--------+-----+--------+

Top non-repeatable levels by time:
    D:10: 2345 daAuts
     D:3: 1391 daAuts
     D:8: 1229 daAuts
     D:4: 1188 daAuts
     D:7: 1186 daAuts
     D:2: 1076 daAuts
     D:1: 1075 daAuts
     D:6: 1031 daAuts
     D:9: 885 daAuts
Gauntlet: 847 daAuts
     D:5: 745 daAuts
  Lair:1: 200 daAuts
  Temple: 131 daAuts
